 Dungeon Crawl Stone Soup version 0.27.1-35-g4d5d836560 (webtiles) character file.

Game seed: 7871903809135626033

42 Froggeryz the Cutter (level 3, 0/26 HPs)
             Began as an Octopode Berserker on Apr 26, 2022.
             Was a Believer of Trog.
             Slain by a bat (1 damage)
             ... on level 2 of the Dungeon.
             The game lasted 00:00:45 (1227 turns).

Froggeryz the Cutter (Octopode Berserker)           Turns: 1227, Time: 00:00:45

Health: 0/26       AC:  1    Str: 16    XL:     3   Next: 54%
Magic:  3/3        EV: 13    Int:  9    God:    Trog [**....]
Gold:   100        SH:  0    Dex: 12    Spells: 2/2 levels left

rFire    . . .     SeeInvis .   a - +0 short sword
rCold    . . .     Faith    .   (no shield)
rNeg     . . .     Spirit   .   (helmet restricted)
rPois    .         Reflect  .   (no amulet)
rElec    .         Harm     .   (no ring)
rCorr    .         Rampage  .   (no ring)
Will     .....                  (no ring)
Stlth    +++.......             (no ring)
HPRegen  0.08/turn              (no ring)
MPRegen  0.08/turn              (no ring)
                                (no ring)
                                (no ring)

@: no status effects
A: almost no armour, amphibious, 8 rings, camouflage 1, gelatinous body 1,
(nimble swimmer 1), tentacles
a: Renounce Religion, Berserk, Trog's Hand


You were on level 2 of the Dungeon.
You worshipped Trog.
Trog was pleased with you.
You visited 1 branch of the dungeon, and saw 2 of its levels.

You collected 100 gold pieces.

Inventory:

Hand Weapons
 a - a +0 short sword (weapon)
Scrolls
 b - a scroll of fog {unknown}
 c - 4 scrolls of identify {unknown}
 d - a scroll of vulnerability {unknown}
 e - a scroll of fear {unknown}
Potions
 f - a potion of degeneration {unknown}


   Skills:
 - Level 3.0 Fighting
 * Level 4.0 Short Blades
 - Level 3.0 Dodging
 + Level 2.3 Stealth


You had 2 spell levels left.
You didn't know any spells.
Your spell library was empty.

Dungeon Overview and Level Annotations

Branches:
Dungeon (2/15)

Altars:


Innate Abilities, Weirdness & Mutations

You cannot wear most types of armour.
You are amphibious.
You can wear up to eight rings at the same time.
Your skin changes colour to match your surroundings (Stealth+).
Your rubbery body absorbs attacks. (AC +1, EV +1)
((You are camouflaged near water. (Stealth+)))
You have tentacles for arms and can constrict up to eight enemies at once.


Message History

You are too injured to fight recklessly!
You are too injured to fight recklessly!
You are too injured to fight recklessly!
You hit the quokka. Your grab misses the quokka.
Your squeeze misses the quokka.
The quokka is lightly wounded.
The bat closely misses you. The quokka bites you. x2
* * * LOW HITPOINT WARNING * * *
You hit the quokka but do no damage. Your grab misses the quokka.
The quokka is lightly wounded.
The bat barely misses you. The quokka bites you.
* * * LOW HITPOINT WARNING * * *
You hit the quokka. Your grab misses the quokka.
Your squeeze misses the quokka.
The quokka is heavily wounded.
The bat barely misses you. The quokka bites you.
* * * LOW HITPOINT WARNING * * *
You hit the quokka. Your grab misses the quokka.
Your squeeze misses the quokka.
The quokka is severely wounded.
The bat hits you.
* * * LOW HITPOINT WARNING * * *
The quokka closely misses you.
You barely miss the quokka. You grab the quokka.
The quokka is severely wounded.
You constrict the quokka, but do no damage.
The quokka barely misses you.
You hit the quokka.
You kill the quokka!
Trog accepts your kill.
You can now call upon Trog for regeneration and willpower.
The bat hits you but does no damage. The bat barely misses you.
You barely miss the bat. Your grab misses the bat.
The bat completely misses you. The bat hits you.
* * * LOW HITPOINT WARNING * * *
You hit the bat but do no damage. You grab the bat. You constrict the bat.
The bat hits you.
You die...

#..........##.##
#..........##. ..
#..........##. ....
#########....##....#
.....##..........##...####
........#######.## .###
######....#.....# .#
#.##.#.##### .# ##.....@#
.# #......b## .#
#........†#
#.........)...$..
..................
##................
#................
##...............
................


You could see a bat.

Vanquished Creatures
  A worm (D:2)
  3 dart slugs (D:1)
  4 ball pythons
  5 endoplasms (D:1)
  A giant cockroach (D:1)
  A goblin (D:1)
  A hobgoblin (D:1)
  4 jackals (D:2)
  2 quokkas
  2 bats (D:1)
  A frilled lizard (D:2)
  2 kobolds
  4 rats (D:1)
31 creatures vanquished.

Notes
Turn   | Place    | Note
-------+----------+-------------------------------------------
     0 | D:1      | Froggeryz the Octopode Berserker began the quest for the
                  | Orb.
     0 | D:1      | Reached XP level 1. HP: 16/16 MP: 1/1
    27 | D:1      | Reached skill level 1 in Stealth
   145 | D:1      | Reached XP level 2. HP: 17/21 MP: 2/2
   292 | D:1      | Found a faded altar of an unknown god.
   498 | D:1      | Reached XP level 3. HP: 26/26 MP: 3/3
  1054 | D:2      | Reached skill level 4 in Short Blades
  1221 | D:2      | HP: 1/26 [bat (1)]
  1223 | D:2      | Reached ** piety under Trog
  1226 | D:2      | HP: 1/26 [bat (1)]
  1227 | D:2      | Slain by a bat

Illustrated notes

Levels and vault maps discovered:
D:1:      nzn_arrival_water_spiral, layout_basic,
          shapermc_ecumenical_altar_ellora
D:2:      layout_rooms

Skill      XL: |  1  2  3 |
---------------+----------+-----
Stealth        | 1 2 |  2.3
Short Blades   | 4 |  4.0
Fighting       | |  3.0
Dodging        | |  3.0

Action                   || total
-------------------------++-------
Melee: Short sword       ||    61
       Tentacles         ||    10
       Constrict         ||    13
 Stab: Sleeping          ||     9
Armor: Skin              ||     4
Dodge: Dodged            ||    31
